[Event "Portuguese-ch U14-20 2022"]
[Site "Fatima"]
[Date "2022.04.11"]
[Round "2.13"]
[White "Sousa, Ricardo Miguel Morai"]
[Black "Gomes, Estevao Manuel"]
[Result "1/2-1/2"]
[ECO "A48"]
[WhiteElo "2077"]
[BlackElo "2047"]
[Annotator "RC"]
[PlyCount "67"]
[EventDate "2022.04.10"]
[EventType "swiss"]
[EventCountry "POR"]
[SourceTitle "playchess.com"]
[Source "ChessBase"]
[SourceQuality "1"]
[TimeControl "5400+30"]

1. d4 Nf6 2. Nf3 g6 3. Bf4 Bg7 4. e3 O-O 5. Be2 d6 6. h3 Nbd7 7. O-O b6 8. a4 Bb7 9. a5 bxa5 10. Rxa5 c5 11. Ra3 a5 12. Nbd2 Nd5 13. Bh2 Ba6 14. c3 Qc7 15. Bxa6 Rxa6 16. Qa1 Rfa8 17. Qa2 N5b6 18. Ng5 c4 19. b3 h6 20. Ngf3 cxb3 21. Qxb3 a4 22. Qa2 Ra5 23. c4 Qc6 24. Rc1 Rc8 25. Qc2 e5 26. Qc3 Qa8 27. Qb4 Ra7 28. Ra2 Rc6 29. Nb1 Rac7 30. Na3 Qc8 31. Rac2 Rb7 32. Qd2 e4 33. Ne1 Bf8 34. Rc3 1/2-1/2

[Event "Portuguese-ch U14-20 2022"]
[Site "Fatima"]
[Date "2022.04.11"]
[Round "2.14"]
[White "Ribeiro, Rodrigo"]
[Black "Gama, Joao Tiago"]
[Result "1/2-1/2"]
[ECO "D58"]
[WhiteElo "1866"]
[BlackElo "1637"]
[Annotator "NA RC"]
[PlyCount "198"]
[EventDate "2022.04.10"]
[EventType "swiss"]
[EventCountry "POR"]
[SourceTitle "playchess.com"]
[Source "ChessBase"]
[SourceQuality "1"]
[TimeControl "5400+30"]

1. d4 d5 2. c4 e6 3. Nc3 Nf6 4. Bg5 Be7 5. e3 h6 6. Bh4 O-O 7. Nf3 b6 8. cxd5 {[%emt 0:01:39] 8.Be2 is more fashionable.} exd5 9. Be2 Be6 10. O-O Nbd7 11. Ba6 (11. Rc1 $14 {should be considered.}) 11... Ne4 $1 12. Bxe7 Qxe7 13. Rc1 c5 {[%emt 0:01:24] [#]} 14. b3 $146 ({Predecessor:} 14. dxc5 Ndxc5 15. Be2 Qb7 16. Nd4 Rac8 17. f3 Nf6 18. b4 Ncd7 19. Qb3 Ne5 20. Ncb5 Rxc1 21. Rxc1 {1-0 (78) Skacelik,P (2162)-Zigo,V (2260) Czech Republic 2020}) 14... cxd4 (14... Nxc3 $11 15. Rxc3 Nf6) 15. Nxd4 Qa3 ({Better is} 15... Ndc5 $14 16. Qe2 Rae8) 16. Nxe4 Qxa6 {[%emt 0:00:15] [#]} 17. Nc3 (17. Rc7 $1 $16) 17... Rac8 18. Qe2 Qxe2 19. Ncxe2 Nc5 20. Rc3 (20. Rfd1 $16) 20... Ne4 21. Rxc8 Rxc8 22. Rc1 Rxc1+ 23. Nxc1 Nc3 24. Kf1 b5 25. Ke1 b4 26. Nc6 a5 27. Nxa5 Bd7 28. Nb7 Kf8 29. Nc5 Bb5 30. f3 Ke7 {[%emt 0:00:23] [#]} 31. Kd2 $1 Bf1 32. N5d3 Bxg2 33. Nxb4 Nb5 34. Nxd5+ ({White should play} 34. a4 $18 Nc7 35. Ke2) 34... Kd6 35. Nf4 Bxf3 36. a4 Na7 (36... Nc7 $16 {might work better.} 37. b4 f5) 37. b4 Bc6 38. a5 Bb5 39. Nb3 g5 {[#]} 40. Ne2 (40. Nh5 $1 $18) 40... Kd5 $1 41. Nc5 (41. Ned4 $16 Kc4 42. Nxb5 Nxb5 43. Nd4) 41... Kc4 42. Nd3 Nc6 43. Nc3 Ba6 ({Black should try} 43... f5) 44. Ne4 Kd5 45. Nf6+ Kd6 46. Ng4 h5 47. Ngf2 Kd5 48. Kc3 f5 49. Nc5 Bb5 50. e4+ Ke5 51. exf5 Kxf5 52. Nce4 $2 ({White has to play} 52. Nfe4 $18 Na7 53. Nd6+ Ke5 54. Nxb5 Nxb5+ 55. Kc4 Nd6+ 56. Kd3) 52... Kf4 53. Nd6 Bf1 54. Nc4 g4 55. Nd2 Bb5 56. Nfe4 h4 57. Nf6 g3 58. Nh5+ Kg4 59. Nxg3 hxg3 60. hxg3 Kxg3 61. Nb3 Na7 62. Kd4 Kf4 63. Kc5 Bf1 64. Nd4 Ke4 ({Black should try} 64... Ke5 $11) 65. b5 Nc8 {[%emt 0:00:39] [#]} (65... Nxb5 $2 66. Nxb5 Bg2 67. Kb6 $18) 66. Nc6 ({White should play} 66. b6 $1 $16 Nxb6 67. axb6) 66... Bxb5 67. Kxb5 Kd5 68. Nb4+ Kd6 $1 69. Ka6 Kc7 70. Nd5+ Kb8 71. Nb4 Na7 72. Kb6 Nc8+ 73. Kc6 Na7+ 74. Kb6 Nc8+ 75. Kc5 Na7 76. a6 Nc8 77. Nc6+ Ka8 78. Kd4 Na7 79. Nb4 Nc8 80. Kc5 Kb8 81. Kc6 Na7+ 82. Kd7 Ka8 83. Kc7 Nb5+ 84. Kb6 Na7 85. Nd5 Kb8 86. Ne7 Ka8 87. Kc7 Nb5+ 88. Kc6 Na7+ 89. Kb6 Kb8 90. Nd5 Nc8+ 91. Kc5 Ka7 92. Nb4 Nb6 93. Kb5 Nc8 94. Nc6+ Ka8 95. Kc5 Na7 96. Ne7 Kb8 97. Kb6 Ka8 98. Nd5 Nc8+ 99. Kc7 Ka7 1/2-1/2

[Event "Portuguese-ch U14-20 2022"]
[Site "Fatima"]
[Date "2022.04.11"]
[Round "2.15"]
[White "Vidal Torres, Ricardo"]
[Black "Pina, Tiago"]
[Result "1-0"]
[ECO "A85"]
[WhiteElo "2332"]
[BlackElo "1938"]
[Annotator "RC"]
[PlyCount "59"]
[EventDate "2022.04.10"]
[EventType "swiss"]
[EventCountry "POR"]
[SourceTitle "playchess.com"]
[Source "ChessBase"]
[SourceQuality "1"]
[TimeControl "5400+30"]

1. d4 f5 2. c4 Nf6 3. Nc3 e6 4. g3 Be7 5. Bg2 O-O 6. Nh3 d6 7. Nf4 Qe8 8. O-O c6 9. Nd3 Nbd7 10. Bf4 Qf7 11. e4 Nxe4 12. Nxe4 fxe4 13. Bxe4 d5 14. Bg2 Bf6 15. Ne5 Bxe5 16. Bxe5 Nxe5 17. dxe5 b6 18. b4 Qc7 19. cxd5 Qxe5 20. dxc6 Ba6 21. Re1 Qb2 22. Qb3 Qxf2+ 23. Kh1 Rad8 24. Qxe6+ Kh8 25. Qe3 Qb2 26. Qe7 Bc4 27. Rad1 Rc8 28. c7 Rf2 29. Rd8+ Bg8 30. Rxc8 1-0

[Event "Portuguese-ch U14-20 2022"]
[Site "Fatima"]
[Date "2022.04.11"]
[Round "2.15"]
[White "Oliveira, Maria Elisa Ramos Ma"]
[Black "Pina, Tiago"]
[Result "*"]
[ECO "A80"]
[WhiteElo "1316"]
[BlackElo "1938"]
[Annotator "RC"]
[PlyCount "46"]
[EventDate "2022.04.10"]
[EventType "swiss"]
[EventCountry "POR"]
[SourceTitle "playchess.com"]
[Source "ChessBase"]
[SourceQuality "1"]
[TimeControl "5400+30"]

1. d4 f5 2. c4 Nf6 3. Nc3 e6 4. g3 Be7 5. Bg2 O-O 6. Nh3 d6 7. Nf4 Qe8 8. O-O c6 9. Nd3 Nbd7 10. Bf4 Qf7 11. e4 Nxe4 12. Nxe4 fxe4 13. Bxe4 d5 14. Bg2 Bf6 15. Ne5 Bxe5 16. Bxe5 Nxe5 17. dxe5 b6 18. b4 Qc7 19. cxd5 Qxe5 20. dxc6 Ba6 21. Re1 Qb2 22. Qb3 Qxf2+ 23. Kh1 Rad8 *

[Event "Portuguese-ch U14-20 2022"]
[Site "Fatima"]
[Date "2022.04.11"]
[Round "2.16"]
[White "Soares, Luis Francisco Almei"]
[Black "Bastiao, Tomas"]
[Result "0-1"]
[ECO "A80"]
[WhiteElo "2000"]
[BlackElo "1664"]
[Annotator "RC"]
[PlyCount "46"]
[EventDate "2022.04.10"]
[EventType "swiss"]
[EventCountry "POR"]
[SourceTitle "playchess.com"]
[Source "ChessBase"]
[SourceQuality "1"]
[TimeControl "5400+30"]

1. d4 f5 2. e3 Nf6 3. Bd3 g6 4. Nc3 Bg7 5. Nf3 d6 6. Qe2 O-O 7. Bd2 c6 8. O-O Na6 9. Bxa6 bxa6 10. Qc4+ e6 11. Qxc6 Rb8 12. b3 Bb7 13. Qc4 Qe7 14. Qe2 h6 15. Nh4 Qf7 16. g3 g5 17. Ng2 g4 18. Ne1 Nh7 19. f3 Ng5 20. Kg2 Qh5 21. e4 fxe4 22. fxe4 Qh3+ 23. Kg1 Bxd4+ 0-1

[Event "Portuguese-ch U14-20 2022"]
[Site "Fatima"]
[Date "2022.04.10"]
[Round "2.17"]
[White "Vidal Torres, Ricardo"]
[Black "Rodrigues, Jose Pedro Da Costa"]
[Result "*"]
[WhiteElo "2332"]
[BlackElo "1533"]
[Annotator "RC"]
[PlyCount "50"]
[EventDate "2022.04.10"]
[EventType "swiss"]
[EventCountry "POR"]
[SourceTitle "playchess.com"]
[Source "ChessBase"]
[SourceQuality "1"]
[TimeControl "5400+30"]

1. e4 c6 2. d4 d5 3. e5 Bf5 4. Nf3 e6 5. Bd3 Bxd3 6. Qxd3 Ne7 7. a3 Nd7 8. O-O c5 9. c3 Nc6 10. b4 cxd4 11. cxd4 Be7 12. Bb2 Rc8 13. Nc3 Nb6 14. Nd2 O-O 15. Ne2 Qd7 16. Rac1 f6 17. f4 fxe5 18. dxe5 Bd8 19. Nb3 Nc4 20. Rxc4 Nxe5 21. Bxe5 Rxc4 22. Nc5 Bb6 23. Bd4 Qf7 24. Nc3 Qf5 25. Qe3 Re8 *

[Event "Portuguese-ch U14-20 2022"]
[Site "Fatima"]
[Date "2022.04.11"]
[Round "2.19"]
[White "Asseiceiro, Lucas Teixeira"]
[Black "Bernardo, Beatriz Nunes"]
[Result "1-0"]
[ECO "C88"]
[WhiteElo "1580"]
[BlackElo "1144"]
[Annotator "NA RC"]
[PlyCount "53"]
[EventDate "2022.04.10"]
[EventType "swiss"]
[EventCountry "POR"]
[SourceTitle "playchess.com"]
[Source "ChessBase"]
[SourceQuality "1"]
[TimeControl "5400+30"]

1. e4 e5 2. Nf3 Nc6 3. Bb5 a6 4. Ba4 Nf6 5. O-O Be7 6. Re1 b5 7. Bb3 O-O 8. c3 Bb7 9. d3 Bc5 10. d4 exd4 11. cxd4 Bb4 12. Nc3 Na5 13. Bc2 Nc4 14. a3 Ba5 15. Qd3 Bxc3 16. bxc3 g6 17. Bg5 d6 18. Nd2 Nb2 19. Qf3 Kg7 20. Qh3 Bc8 21. Qh4 Re8 22. e5 dxe5 23. dxe5 Re6 24. exf6+ Rxf6 25. Qh6+ Kg8 26. Bxf6 Qxf6 27. Re8# 1-0

[Event "Portuguese-ch U14-20 2022"]
[Site "Fatima"]
[Date "2022.04.11"]
[Round "2.20"]
[White "Gomes, Guilherme Rodrigues"]
[Black "Monteiro, Simao Costa"]
[Result "1/2-1/2"]
[ECO "B01"]
[WhiteElo "1899"]
[BlackElo "1346"]
[Annotator "NA RC"]
[PlyCount "34"]
[EventDate "2022.04.10"]
[EventType "swiss"]
[EventCountry "POR"]
[SourceTitle "playchess.com"]
[Source "ChessBase"]
[SourceQuality "1"]
[TimeControl "5400+30"]

1. e4 d5 2. Bd3 e5 3. Nf3 dxe4 4. Bxe4 Nf6 5. Nc3 Bb4 (5... Nxe4 $15 {deserves consideration.} 6. Nxe4 Nc6) 6. Qe2 O-O 7. Nxe5 $2 (7. O-O $11) 7... Re8 8. Nxf7 Qd4 ({Worse is} 8... Qe7 9. Ng5 Bxc3 10. Qc4+ Kh8 11. dxc3 $11 (11. Nf7+ Kg8 $11)) (8... Kxf7 $19 {and Black stays clearly on top.} 9. Qc4+ Re6 10. Qxb4 Nc6) 9. Ng5 {[%emt 0:03:38] [#]} Bf5 $2 {[%emt 0:15:37] [#]} 10. d3 $2 (10. Bxf5 $1 $16 {and life is bright.} Rxe2+ 11. Nxe2) 10... Bxc3+ 11. Kf1 Bxe4 12. dxe4 {[%emt 0:01:48] [#]} Bxb2 $2 ({Black should play} 12... Ba5 $1 $19 13. c3 Qd7) 13. Bxb2 Qxb2 $4 (13... Qc5 $11 14. e5 Nc6) 14. Qc4+ Kh8 15. Nf7+ Kg8 16. Ng5+ Kh8 17. Nf7+ Kg8 1/2-1/2

[Event "Portuguese-ch U14-20 2022"]
[Site "Fatima"]
[Date "2022.04.11"]
[Round "2.21"]
[White "Tejo, Joao Jorge De Medeir"]
[Black "Ferreira, Tiago Filipe Quiteri"]
[Result "1-0"]
[ECO "C53"]
[WhiteElo "1844"]
[BlackElo "1699"]
[Annotator "NA RC"]
[PlyCount "51"]
[EventDate "2022.04.10"]
[EventType "swiss"]
[EventCountry "POR"]
[SourceTitle "playchess.com"]
[Source "ChessBase"]
[SourceQuality "1"]
[TimeControl "5400+30"]

1. e4 e5 2. Nf3 Nc6 3. Bc4 Bc5 4. c3 Qf6 5. b4 Bb6 6. O-O a6 7. Re1 d6 8. h3 Qg6 9. d3 h6 10. Nh4 Qf6 11. Nf3 Qg6 12. h4 Bg4 13. Nbd2 Nge7 14. Qb3 Be6 15. a4 Bxc4 16. Qxc4 O-O-O 17. a5 Ba7 18. b5 axb5 19. Qxb5 d5 20. Qb3 dxe4 21. dxe4 Rd3 22. Ba3 Rxd2 23. Nxd2 Qf6 24. Nf3 Qf4 25. Bxe7 Nxe7 26. Rab1 1-0

[Event "Portuguese-ch U14-20 2022"]
[Site "Fatima"]
[Date "2022.04.11"]
[Round "2.22"]
[White "Sarabando, Rodrigo Andias"]
[Black "Marques Serra, David"]
[Result "1-0"]
[ECO "D81"]
[WhiteElo "1897"]
[BlackElo "1734"]
[Annotator "NA RC"]
[PlyCount "113"]
[EventDate "2022.04.10"]
[EventType "swiss"]
[EventCountry "POR"]
[SourceTitle "playchess.com"]
[Source "ChessBase"]
[SourceQuality "1"]
[TimeControl "5400+30"]

1. d4 Nf6 2. c4 g6 3. Nc3 d5 4. Qb3 c6 5. cxd5 cxd5 6. Bg5 e6 7. Nf3 Bg7 8. e3 O-O 9. h3 Nc6 10. Bd3 b6 11. Rc1 Bb7 12. O-O Na5 13. Qc2 Rc8 14. Rfd1 Nc6 15. a3 a6 16. Qe2 b5 17. b4 Qd6 18. Bf4 Qe7 19. Ne5 Nxe5 20. Bxe5 Nd7 21. Bxg7 Kxg7 22. Qb2 Nb6 23. a4 bxa4 24. Ra1 Qd7 25. Qa3 Nc4 26. Bxc4 Rxc4 27. Nxa4 Qb5 28. Rab1 Ra8 29. Nc5 Bc8 30. Qa5 Rb8 31. Qxb5 Rxb5 32. Nd3 Rb6 33. Rb2 Bd7 34. Rdb1 f6 35. Nc5 Bb5 36. Rd1 Kf7 37. f4 Bc6 38. Ra1 Bb5 39. Kf2 h5 40. g4 hxg4 41. hxg4 Kg7 42. g5 f5 43. Rh1 Be8 44. Kf3 Rd6 45. Rbh2 Bf7 46. Nd3 Rc8 47. Ne5 Bg8 48. Rh6 Rc7 49. Rxg6+ Kf8 50. Rh8 Rg7 51. Rf6+ Ke7 52. Rh1 Bf7 53. Rc1 Bh5+ 54. Kf2 Be8 55. Rc7+ Bd7 56. Ra7 Rh7 57. Ng6+ 1-0

[Event "Portuguese-ch U14-20 2022"]
[Site "Fatima"]
[Date "2022.04.11"]
[Round "2.23"]
[White "Guia, Artur Solovyov Eloy"]
[Black "De Medeiros, Sara Soares"]
[Result "1-0"]
[ECO "A05"]
[WhiteElo "1932"]
[BlackElo "1828"]
[Annotator "RC"]
[PlyCount "119"]
[EventDate "2022.04.10"]
[EventType "swiss"]
[EventCountry "POR"]
[SourceTitle "playchess.com"]
[Source "ChessBase"]
[SourceQuality "1"]
[TimeControl "5400+30"]

1. Nf3 Nf6 2. b3 d5 3. e3 c5 4. Bb2 Nc6 5. Bb5 Bg4 6. Bxc6+ bxc6 7. d3 e6 8. Nbd2 Be7 9. O-O O-O 10. Qe1 Bh5 11. Ne5 Qc7 12. f4 Nd7 13. Nxd7 Qxd7 14. Qg3 f6 15. Qh3 Bf7 16. Rf3 Rad8 17. Rg3 Bg6 18. Nf3 Bf5 19. Qh4 Qc7 20. Re1 e5 21. Qh5 Bg6 22. Qh3 exf4 23. exf4 Bd6 24. f5 Bxg3 25. fxg6 Bxh2+ 26. Nxh2 hxg6 27. Qe6+ Qf7 28. Qxc6 Rc8 29. Qd6 Rfd8 30. Qe7 Re8 31. Qxf7+ Kxf7 32. Kf2 Rxe1 33. Kxe1 a5 34. Nf1 a4 35. Ne3 Ke6 36. Ba3 axb3 37. axb3 Ke5 38. Kf2 Ke6 39. Kf3 Ke5 40. Ng4+ Ke6 41. Nf2 Ke5 42. Ke3 Ke6 43. Nh3 g5 44. Ng1 Kf5 45. Ne2 Re8+ 46. Kf2 Rc8 47. Nc3 Ke6 48. Na4 c4 49. dxc4 dxc4 50. Nb6 Rc6 51. Nxc4 f5 52. Bc1 f4 53. Ba3 g6 54. Kf3 Kf5 55. Nd6+ Ke6 56. c4 Ra6 57. Nb5 Kf5 58. g4+ Ke5 59. Bb2+ Ke6 60. Nc7+ 1-0

[Event "Portuguese-ch U14-20 2022"]
[Site "Fatima"]
[Date "2022.04.11"]
[Round "2.24"]
[White "Afonso, Joao Pedro"]
[Black "Goncalves, Ruan Lucas Alves"]
[Result "0-1"]
[ECO "C97"]
[WhiteElo "1501"]
[BlackElo "1963"]
[Annotator "RC"]
[PlyCount "70"]
[EventDate "2022.04.10"]
[EventType "swiss"]
[EventCountry "POR"]
[SourceTitle "playchess.com"]
[Source "ChessBase"]
[SourceQuality "1"]
[TimeControl "5400+30"]

1. e4 e5 2. Nf3 Nc6 3. Bb5 a6 4. Ba4 Nf6 5. O-O Be7 6. Re1 b5 7. Bb3 d6 8. c3 O-O 9. h3 Na5 10. Bc2 c5 11. d4 Qc7 12. Nbd2 Bd7 13. d5 Nb7 14. b3 c4 15. bxc4 Na5 16. Bb3 Nxc4 17. Bxc4 bxc4 18. Qe2 Rfc8 19. Nf1 Qa5 20. Qb2 Rab8 21. Qa3 Rc5 22. Qxa5 Rxa5 23. Bg5 h6 24. Bxf6 Bxf6 25. Ne3 Ra4 26. Nd2 Bb5 27. Reb1 Rc8 28. Nf5 Rd8 29. Rb2 Bg5 30. Nf3 g6 31. Ng3 Be7 32. Nd2 Rd7 33. Ndf1 Bd8 34. Nh5 Bb6 35. Nhg3 Rc7 0-1

[Event "Portuguese-ch U14-20 2022"]
[Site "Fatima"]
[Date "2022.04.11"]
[Round "2.25"]
[White "Ribeiro, Gustavo"]
[Black "Almeida, Joao Pedro Dias"]
[Result "1-0"]
[ECO "A18"]
[WhiteElo "1860"]
[BlackElo "1508"]
[Annotator "NA RC"]
[PlyCount "61"]
[EventDate "2022.04.10"]
[EventType "swiss"]
[EventCountry "POR"]
[SourceTitle "playchess.com"]
[Source "ChessBase"]
[SourceQuality "1"]
[TimeControl "5400+30"]

1. c4 Nf6 2. Nc3 e6 3. e4 d5 4. e5 d4 5. exf6 dxc3 6. bxc3 Qxf6 7. d4 c5 8. Nf3 cxd4 9. cxd4 (9. Bg5 $142 Qf5 10. cxd4 (10. Qxd4 Nc6 $15)) 9... Bb4+ 10. Bd2 Bxd2+ 11. Qxd2 O-O 12. Be2 b6 13. O-O Bb7 14. Ne5 Rd8 15. Rfd1 Nc6 16. Nxc6 Bxc6 17. Qe3 Rac8 18. Rac1 Rc7 19. Rd3 Rcd7 20. Rcd1 $1 b5 21. d5 bxc4 ({Much less strong is} 21... exd5 22. cxd5 Ba8 23. d6 $14) 22. dxc6 Rxd3 $11 23. Bxd3 Rxd3 24. Rb1 Qd8 25. Qc1 c3 26. g3 h6 (26... f6 $1 $11) 27. Qc2 Rd6 28. Qxc3 Qc7 29. Rc1 f6 (29... Rd8 $142) 30. Qc5 ({Better is} 30. h4 $18) 30... Kf7 $2 (30... Rd8 $16 31. Qc4 Qd6) 31. Qxd6 1-0

[Event "Portuguese-ch U14-20 2022"]
[Site "Fatima"]
[Date "2022.04.11"]
[Round "2.26"]
[White "Nalivaiko, Maksim"]
[Black "Korotkyi, Daniyil"]
[Result "1-0"]
[ECO "B00"]
[WhiteElo "1439"]
[BlackElo "1726"]
[Annotator "NA RC"]
[PlyCount "77"]
[EventDate "2022.04.10"]
[EventType "swiss"]
[EventCountry "POR"]
[SourceTitle "playchess.com"]
[Source "ChessBase"]
[SourceQuality "1"]
[TimeControl "5400+30"]

1. e4 b6 2. Nc3 Bb7 3. d4 e6 4. Nf3 Bb4 5. Bd3 Ne7 6. Bd2 d5 7. e5 Nbc6 8. a3 Bxc3 9. Bxc3 Qd7 10. Qe2 O-O-O 11. O-O-O h6 12. Bb5 g5 13. g3 Kb8 14. Kb1 Ng6 15. Rde1 Qe7 16. h4 g4 17. Nd2 h5 18. f3 gxf3 19. Nxf3 a5 20. Ng5 Na7 21. Bd3 Rdf8 22. Rhf1 Bc6 23. Rf6 Rh6 24. Bd2 Rhh8 25. Bxg6 fxg6 26. Rxg6 Bb5 27. Qd1 Rf2 28. Rxe6 Qf8 29. Bf4 Bc4 30. Rf6 Qe8 31. e6 Nb5 32. Bxc7+ Kxc7 33. Rxf2 Nxa3+ 34. bxa3 Qb5+ 35. Ka1 Qa4 36. Qc1 b5 37. Rf7+ Kd8 38. e7+ Ke8 39. Rf8+ 1-0

[Event "Portuguese-ch U14-20 2022"]
[Site "Fatima"]
[Date "2022.04.11"]
[Round "2.27"]
[White "Paiva, Rodrigo Garcia"]
[Black "Camacho, Filipa Fernandes Bri"]
[Result "1-0"]
[ECO "D06"]
[WhiteElo "1667"]
[BlackElo "1467"]
[Annotator "NA RC"]
[PlyCount "85"]
[EventDate "2022.04.10"]
[EventType "swiss"]
[EventCountry "POR"]
[SourceTitle "playchess.com"]
[Source "ChessBase"]
[SourceQuality "1"]
[TimeControl "5400+30"]

1. d4 d5 2. c4 Bf5 3. Nc3 Nf6 4. Qb3 Nbd7 5. cxd5 Nb6 6. g4 Nxg4 7. e4 Bd7 8. h3 Nf6 9. e5 Nfxd5 10. Nxd5 Ba4 11. Nxc7+ Qxc7 12. Bb5+ Bxb5 13. Qxb5+ Qd7 14. a4 Qxb5 15. axb5 e6 16. Nf3 Bb4+ 17. Ke2 Nd5 18. Rg1 Rg8 19. Be3 Ke7 20. Ng5 h6 21. Ne4 b6 22. Rgc1 Kd7 23. Nc3 Nc7 24. Rcb1 Rgc8 25. Kd3 Nd5 26. Nxd5 exd5 27. Rg1 g5 28. Ra4 Be7 29. Rga1 Rc7 30. f4 Ke6 31. Ra6 Rb7 32. Rc1 Kf5 33. Rf1 Kg6 34. f5+ Kh5 35. Rc1 Bd8 36. Rc6 Bc7 37. Ra1 Re8 38. h4 Bd8 39. Rh1 Kg4 40. hxg5 hxg5 41. f6 Rg8 42. Rh7 Kf5 43. Rg7 1-0

[Event "Portuguese-ch U14-20 2022"]
[Site "Fatima"]
[Date "2022.04.11"]
[Round "2.28"]
[White "Lachever, Diogo Freire"]
[Black "Veleirinho, Tomas Carvalho"]
[Result "0-1"]
[ECO "D02"]
[WhiteElo "1182"]
[BlackElo "1641"]
[Annotator "NA RC"]
[PlyCount "97"]
[EventDate "2022.04.10"]
[EventType "swiss"]
[EventCountry "POR"]
[SourceTitle "playchess.com"]
[Source "ChessBase"]
[SourceQuality "1"]
[TimeControl "5400+30"]

1. d4 d5 2. Nf3 Nf6 3. g3 e6 4. Bg2 Be7 5. O-O O-O 6. c4 dxc4 7. Nbd2 Nbd7 8. Nxc4 Rb8 9. Qc2 b6 10. Nce5 Nxe5 11. Nxe5 Bb7 12. Nc6 Bxc6 13. Qxc6 Qd6 14. Qxd6 cxd6 15. Bf4 Rbc8 16. Rac1 d5 17. Rxc8 Rxc8 18. Rc1 Rxc1+ 19. Bxc1 Bd6 20. f3 h6 21. Kf2 Kf8 22. e4 Ke7 23. Ke2 Kd7 24. Kd3 Kc6 25. Kc3 a5 26. a3 Ne8 27. b4 axb4+ 28. axb4 Kb5 29. Bf1+ Ka4 30. b5 Nc7 31. Be2 Nxb5+ 32. Bxb5+ Kxb5 33. Kb3 Bb4 34. g4 g6 35. h3 h5 36. gxh5 gxh5 37. exd5 Be1 38. Be3 exd5 39. f4 Kc6 40. f5 b5 41. Bf4 Kd7 42. Bg5 Ba5 43. Bf6 h4 44. Be7 Be1 45. Bg5 f6 46. Bf4 Bg3 47. Kb4 Ke7 48. Kxb5 Bh2 49. Bxh2 0-1

[Event "Portuguese-ch U14-20 2022"]
[Site "Fatima"]
[Date "2022.04.11"]
[Round "2.29"]
[White "Pacetti Terra, Nicolas"]
[Black "Mourao, Martim Oliveira"]
[Result "1-0"]
[ECO "C54"]
[WhiteElo "1756"]
[BlackElo "1110"]
[Annotator "NA RC"]
[PlyCount "87"]
[EventDate "2022.04.10"]
[EventType "swiss"]
[EventCountry "POR"]
[SourceTitle "playchess.com"]
[Source "ChessBase"]
[SourceQuality "1"]
[TimeControl "5400+30"]

1. e4 e5 2. Nf3 Nc6 3. Bc4 Bc5 4. c3 Nf6 5. d3 h6 6. O-O O-O 7. Nbd2 d6 8. a4 a5 9. Re1 Bg4 10. h3 Be6 11. Bb5 Na7 12. d4 exd4 13. cxd4 Bb4 14. d5 Bd7 15. Bd3 b5 16. Nd4 bxa4 17. Qc2 Bc5 18. N2f3 c6 19. dxc6 Nxc6 20. Nxc6 Bxc6 21. Be3 Bxe3 22. Qxc6 Qb6 23. Qxb6 Bxb6 24. Rxa4 Bc5 25. Bc4 Rfe8 26. e5 dxe5 27. Rxe5 Bb4 28. b3 Bc3 29. Rc5 Bb4 30. Rc7 Rac8 31. Bxf7+ Kf8 32. Rxc8 Rxc8 33. Bc4 Nd7 34. Ra2 Nb6 35. Ne5 Bc3 36. Ng6+ Ke8 37. Re2+ Kd8 38. Bb5 Nd7 39. Re7 Nf6 40. Rxg7 Rc5 41. Ba4 Bd4 42. Rf7 Rc1+ 43. Kh2 Bxf2 44. Rxf6 1-0

[Event "Portuguese-ch U14-20 2022"]
[Site "Fatima"]
[Date "2022.04.11"]
[Round "2.30"]
[White "Cabete, Manuel"]
[Black "Basilio, Rodrigo"]
[Result "0-1"]
[ECO "B33"]
[WhiteElo "1233"]
[BlackElo "1941"]
[Annotator "RC"]
[PlyCount "78"]
[EventDate "2022.04.10"]
[EventType "swiss"]
[EventCountry "POR"]
[SourceTitle "playchess.com"]
[Source "ChessBase"]
[SourceQuality "1"]
[TimeControl "5400+30"]

1. e4 c5 2. Nf3 Nc6 3. d4 cxd4 4. Nxd4 Nf6 5. Nc3 e6 6. Nxc6 bxc6 7. e5 Nd5 8. Nxd5 cxd5 9. Bd3 d6 10. Bf4 Be7 11. O-O O-O 12. Qh5 g6 13. Qh6 Re8 14. exd6 Bf8 15. Qg5 f6 16. Qg3 e5 17. Bd2 Qxd6 18. a3 f5 19. Bb4 Qf6 20. h4 f4 21. Qg5 Qxg5 22. hxg5 e4 23. Bb5 Re5 24. Rfd1 Be6 25. Bd2 e3 26. fxe3 fxe3 27. Bc3 d4 28. Bc6 dxc3 29. Bxa8 cxb2 30. Rab1 e2 31. Re1 Bc5+ 32. Kh2 Bxa3 33. Bf3 Ba2 34. Rxb2 Bxb2 35. Rxe2 Rxe2 36. Bxe2 Be5+ 37. Kh3 Kf7 38. Kg4 Ke6 39. Kf3 Bd5+ 0-1

[Event "Portuguese-ch U14-20 2022"]
[Site "Fatima"]
[Date "2022.04.11"]
[Round "2.31"]
[White "Gaspar, Bernardo"]
[Black "Bartolo, Filipe Diogo Correia"]
[Result "0-1"]
[ECO "A01"]
[WhiteElo "1365"]
[BlackElo "1869"]
[Annotator "NA RC"]
[PlyCount "60"]
[EventDate "2022.04.10"]
[EventType "swiss"]
[EventCountry "POR"]
[SourceTitle "playchess.com"]
[Source "ChessBase"]
[SourceQuality "1"]
[TimeControl "5400+30"]

1. b3 d6 2. Bb2 Nd7 3. e3 Ngf6 4. f4 g6 5. Nf3 Bg7 6. Be2 O-O 7. O-O Re8 8. Qe1 e5 9. fxe5 Nxe5 10. Nxe5 dxe5 11. Nc3 Bf5 12. Bf3 e4 13. Be2 c6 14. h3 h5 15. Rd1 Qd7 16. d4 (16. Nb1 $11) 16... exd3 17. Bxd3 Bxd3 18. Rxd3 Qe7 ({Much less strong is} 18... Nd5 19. Nxd5 cxd5 20. Bxg7 Kxg7 21. c4 $16) 19. Qe2 Rad8 20. Rfd1 Rxd3 21. Rxd3 Nd7 22. Ba3 $19 Qxa3 23. Rxd7 Bxc3 24. Qc4 Qc1+ 25. Kh2 Be5+ 26. g3 Rf8 27. Qe4 Bb8 28. Rxf7 Qd2+ 29. Kg1 Qe1+ 30. Kg2 Qxg3+ 0-1

[Event "Portuguese-ch U14-20 2022"]
[Site "Fatima"]
[Date "2022.04.11"]
[Round "2.32"]
[White "Coelho, Goncalo Cavaz"]
[Black "Bento, David"]
[Result "1-0"]
[ECO "B31"]
[WhiteElo "1680"]
[BlackElo "1282"]
[Annotator "NA RC"]
[PlyCount "39"]
[EventDate "2022.04.10"]
[EventType "swiss"]
[EventCountry "POR"]
[SourceTitle "playchess.com"]
[Source "ChessBase"]
[SourceQuality "1"]
[TimeControl "5400+30"]

1. e4 c5 2. Nf3 Nc6 3. Bb5 g6 4. O-O Bg7 5. c3 d6 6. d4 cxd4 7. cxd4 Bd7 8. Nc3 Nf6 9. Re1 Qc7 10. e5 dxe5 11. dxe5 Ng4 12. Nd5 Qb8 13. Bg5 h6 14. Bxe7 Nxe7 15. Bxd7+ Kxd7 16. Nf6+ Kc6 17. Rc1+ Kb6 18. Qb3+ Ka6 19. Qa4+ Kb6 20. Nd7# 1-0